AoeStats
← RedPhosphoru

Arabian Desert

510396250Analyzed
1v1 RM · 9h ago on Sep 30, 2026· 15m 27s· 2 players
Game mode
Random Map
Map size
Tiny (2 player)
Population
200
Speed
Normal
Resources
Standard
Victory
Conquest
Starting age
Dark Age
Ending age
Imperial Age
RankedLock teamsTeams togetherTeam positionsShared explorationLock speedFull tech treeHidden civsTurbo modeCheats
Victory
Defeat
🇹🇷 Bulgarians · Türkiye
2013
+28
🇺🇸 Muisca · United States
2370
-28
(***AlBy_Bkr***)
5:39 Loom
9:14 Feudal Age
10:34 Scale Mail Armor
11:04 Forging
11:42 Arson
13:24 Padded Archer Armor
13:57 Fletching
RedPhosphoru
9:57 Feudal Age
8:54 Loom
13:46 Castle Age
14:45 Padded Archer Armor
Connection lost

Rejoining the realm…

Still unreachable

The connection could not be restored.

Session expired

The server has moved on; the page needs a fresh start.